 Dungeon Crawl Stone Soup version 0.23.2-1-ga50397a6bc (webtiles) character file.

Game seed: 14060702253038314682

11343 Findor the Basher (level 11, -9/117 HPs)
             Began as an Ogre Berserker on May 13, 2019.
             Was an Elder of Trog.
             Killed from afar by a hell hog (24 damage)
             ... with a fireball
             ... on level 1 of the Abyss on May 14, 2019.
             The game lasted 00:26:07 (13586 turns).

Findor the Basher (Ogre Berserker)                 Turns: 13586, Time: 00:26:07

Health: -9/117     AC: 17    Str: 27    XL:     11   Next: 76%
Magic:  9/9        EV: 12    Int:  4    God:    Trog [****..]
Gold:   513        SH:  0    Dex:  8    Spells: 10/10 levels left

rFire    . . .     SeeInvis .   h - +1 flail (protect)
rCold    . . .     Gourm    .   (no shield)
rNeg     . . .     Faith    .   D - +3 troll leather armour
rPois    .         Spirit   .   (helmet restricted)
rElec    .         Reflect  .   E - +0 cloak (curse)
rCorr    .         Harm     .   (gloves unavailable)
MR       ++...                  (boots unavailable)
Stlth    +.........             (no amulet)
HPRegen  0.69/turn              n - +2 ring of protection
MPRegen  0.11/turn              l - ring of protection from magic

@: mighty, protection aura, berserk cooldown, slowed, very slow
A: large, unfitting armour, [deformed body], [dopey 2], [low mp 1], tough skin
1, [weak 2]
a: Berserk, Trog's Hand, Brothers in Arms, Renounce Religion


You were on level 1 of the Abyss.
You worshipped Trog.
Trog was greatly pleased with you.
You were very full.

You visited 1 branch of the dungeon, and saw 11 of its levels.
You visited the Abyss 1 time.

You collected 513 gold pieces.


Innate Abilities, Weirdness & Mutations

You are too large for most types of armour.
You have tough skin. (AC +1)
[Armour fits poorly on your strangely shaped body.]
[You are very dopey. (Int -4)]
[Your magical capacity is low. (-10% MP)]
[You are very weak. (Str -4)]


   Skills:
 + Level 9.8 Fighting
 * Level 12.8 Maces & Flails
 + Level 5.5 Armour
 + Level 6.8 Dodging


You had 10 spell levels left.
You didn't know any spells.
Your spell library was empty.

Inventory:

Hand Weapons
 a - a +0 mace of electrocution
 d - a +2 whip of flaming
   (You took it off Pikel on level 7 of the Dungeon)
 h - a +1 flail of protection (weapon)
   (You took it off a gnoll on level 3 of the Dungeon)
 k - a +0 blowgun
   (You took it off a kobold on level 3 of the Dungeon)
 v - a +0 giant spiked club
   (You took it off an ogre on level 11 of the Dungeon)
 G - the +9 falchion of Waekhloma {slice, -Tele rElec rF+++ Str+4}
   (You found it on level 6 of the Dungeon)

   It inflicts extra damage upon your enemies.
   It affects your strength (+4).
   It renders you almost immune to fire.
   It insulates you from electricity.
   It prevents most forms of teleportation.
Missiles
 i - 60 poisoned needles
 C - 3 needles of confusion
Armour
 o - a +1 robe of magic resistance
   (You took it off Pikel on level 7 of the Dungeon)
 D - a +3 troll leather armour (worn)
   (You found it on level 10 of the Dungeon)
 E - a cursed +0 cloak (worn)
   (You found it on level 9 of the Dungeon)
Jewellery
 l - a ring of protection from magic (right hand)
   (You found it on level 6 of the Dungeon)
 n - a +2 ring of protection (left hand)
   (You found it on level 4 of the Dungeon)
 u - a cursed ring of positive energy {unknown}
   (You found it on level 1 of the Abyss)
Wands
 j - a wand of polymorph (9)
   (You found it on level 2 of the Dungeon)
 x - a wand of acid (1)
   (You took it off Urug on level 11 of the Dungeon)
Scrolls
 e - 5 scrolls of remove curse {@r2}
 q - 3 scrolls of fear
 r - a scroll of magic mapping
 t - a scroll of fog
Potions
 b - a potion of degeneration {unknown}
 f - 3 potions of brilliance
 g - 2 potions of flight
 s - 2 potions of mutation {!q}
 w - 2 potions of might
 z - 3 potions of curing {@q1}
 B - a potion of magic {unknown}
 F - a potion of berserk rage {unknown}
Comestibles
 c - 19 rations


Message History

Evoke which item? (* to show all) (? for menu, Esc to quit)
Aiming: Corrosive Bolt
Press: ? - help, Shift-Dir - straight line, f - hell hog
Aim: a hell hog (hasn't noticed you)
The bolt of acid misses the hell hog.
The hell hog squeals angrily.
You hear an angry squeal.
The hell hog breathes fire at you.
The fireball explodes!
The fireball engulfs you!!
The fireball engulfs the hell hog.
The hell hog resists.
You hear a screech!
Unknown command.
As you read the scroll of fear, it crumbles to dust.
You assume a fearsome visage.
The hell hog is unaffected.
The hell hog bites you but does no damage.
The hell hog closely misses you.
As you read the scroll of fog, it crumbles to dust.
The scroll dissolves into smoke.
The hell hog bites you.
* * * LOW HITPOINT WARNING * * *
The hell hog closely misses you.
The hell hog bites you but does no damage.
The hell hog breathes fire at you.
The fireball explodes!
The fireball engulfs you!!!
* * * LOW HITPOINT WARNING * * *
The fireball engulfs the hell hog.
The hell hog resists.
You hear an angry squeal.
You feel very mighty all of a sudden. The hell hog bites you!
* * * LOW HITPOINT WARNING * * *
The hell hog bites you but does no damage.
Okay, then.
Evoke which item? (* to show all) (? for menu, Esc to quit)
Aiming: Corrosive Bolt
Press: ? - help, Shift-Dir - straight line, f/p - hell hog
Aim: a hell hog (purple smoke, lightly wounded, catching its breath)
The bolt of acid hits the hell hog!
The hell hog is splashed with acid.
The acid corrodes the hell hog!
The hell hog barely misses you. The hell hog misses you.
Evoke which item? (* to show all) (? for menu, Esc to quit)
Aiming: Corrosive Bolt
Press: ? - help, Shift-Dir - straight line, f/p - hell hog
Aim: a hell hog (purple smoke, moderately wounded, covered in acid)
The bolt of acid hits the hell hog!
The hell hog is splashed with acid.
The hell hog bites you but does no damage.
The hell hog closely misses you.
The hell hog bites you but does no damage.
You sock the hell hog!
Your weapon exudes an aura of protection.
The hell hog breathes fire at you.
The fireball explodes!
The fireball engulfs you!!
You die...

.#.. ...
..# ..#
.. . #.
.. #.##
.. #@# .
#h# .#.#
#.##...#
..
##§§#.#
.. .
§§#.
#...# .
# ...
#### . .
#. #.
.#.##. .
. # ##
..## ##
. ##
..#. ..#
x. #


You could see a hell hog.

Vanquished Creatures
  Nergalle (D:10)
  An unseen horror (D:11)
  Pikel (D:7)
  A deep elf mage (D:11)
  An efreet (Abyss:1)
  2 trolls
  A hippogriff (D:10)
  Prince Ribbit (D:6)
  A shadow (D:10)
  2 vampires
  4 hogs (D:9)
  A human (D:9)
  Eustachio (D:5)
  3 large abominations (Abyss:1)
  2 wraiths
  A basilisk (D:11)
  A hungry ghost (D:8)
  A two-headed ogre zombie (D:10)
  2 water moccasins
  3 orc warriors
  2 sky beasts
  A slave (D:7)
  A black bear (D:6)
  3 phantoms
  2 ice beasts
  An ogre (D:11)
  2 centaurs
  2 big kobolds
  Blork the orc (D:5)
  3 bullfrogs
  A small abomination (Abyss:1)
  4 troll zombies (D:10)
  A scorpion (D:10)
  6 killer bees (D:11)
  3 wights (D:10)
  3 howler monkeys (D:9)
  4 crimson imps
  A centaur zombie (D:6)
  3 bullfrog zombies
  3 hounds
  14 orc priests
  5 jellies
  7 orc wizards
  4 bullfrog skeletons
  4 centaur skeletons
  4 iguanas
  19 worker ants
  3 ogre zombies (D:10)
  A howler monkey zombie (D:5)
  3 worker ant zombies
  A howler monkey skeleton (D:9)
  18 gnolls
  11 adders
  3 shadow imps
  3 oozes
  2 adder skeletons
  2 worms
  3 dart slugs (D:1)
  7 leopard geckos
  50 orcs
  4 giant cockroaches
  10 goblins
  6 hobgoblins
  7 jackals
  16 kobolds
  4 quokkas
  A ball python (D:2)
  10 bats
  7 frilled lizards
  A goblin skeleton (D:10)
  5 goblin zombies (D:10)
  A hobgoblin zombie (D:10)
  5 orc skeletons (D:10)
  12 orc zombies (D:10)
  2 quokka skeletons
  12 rats
345 creatures vanquished.

Vanquished Creatures (collateral kills)
  Urug (D:11)
  2 orc warriors
  4 orcs
7 creatures vanquished.

Vanquished Creatures (others)
  A hound skeleton (D:9)
  3 orcs
4 creatures vanquished.

Grand Total: 356 creatures vanquished

Notes
Turn   | Place    | Note
-------+----------+-------------------------------------------
     0 | D:1      | Findor the Ogre Berserker began the quest for the Orb.
     0 | D:1      | Reached XP level 1. HP: 24/24 MP: 1/1
    75 | D:1      | Reached skill level 3 in Maces & Flails
    83 | D:1      | Reached XP level 2. HP: 19/32 MP: 2/2
   426 | D:1      | Found a shattered altar of Ashenzari.
   556 | D:1      | Reached ** piety under Trog
   558 | D:1      | Reached XP level 3. HP: 28/39 MP: 3/3
   713 | D:1      | Reached skill level 4 in Maces & Flails
  1152 | D:2      | Found a faded altar of an unknown god.
  1286 | D:2      | Reached XP level 4. HP: 48/48 MP: 4/4
  1913 | D:2      | Reached skill level 5 in Maces & Flails
  1913 | D:2      | Reached XP level 5. HP: 47/54 MP: 5/5
  2574 | D:2      | HP: 10/54 [gnoll (6)]
  2841 | D:3      | Found an opulent altar of Gozag.
  3418 | D:3      | Reached XP level 6. HP: 60/62 MP: 6/6
  3536 | D:3      | Reached skill level 6 in Maces & Flails
  4101 | D:4      | Found Baodighi's Gadget Shop.
  4310 | D:4      | Reached skill level 7 in Maces & Flails
  4310 | D:4      | Reached XP level 7. HP: 70/70 MP: 7/7
  4313 | D:4      | Reached *** piety under Trog
  5137 | D:5      | Entered Level 5 of the Dungeon
  5222 | D:5      | Noticed Blork the orc
  5230 | D:5      | Killed Blork the orc
  5244 | D:5      | Reached skill level 8 in Maces & Flails
  5608 | D:5      | Reached XP level 8. HP: 59/78 MP: 8/8
  5676 | D:5      | Found a white marble altar of Elyvilon.
  5775 | D:5      | Found a blossoming altar of Fedhas.
  5780 | D:5      | Found a deep blue altar of Sif Muna.
  5825 | D:5      | Found a staircase to the Ecumenical Temple.
  5971 | D:5      | Found a basalt altar of Yredelemnul.
  6038 | D:6      | Reached skill level 9 in Maces & Flails
  6081 | D:5      | HP: 15/78 [poisoned by a worker ant]
  6088 | D:5      | HP: 15/78 [poisoned by a worker ant]
  6096 | D:5      | HP: 15/78 [poisoned by a worker ant]
  6419 | D:6      | Found a stormy altar of Qazlal.
  6492 | D:6      | Got an ancient falchion
  6493 | D:6      | Identified the +9 falchion of Waekhloma {slice, -Tele rElec
                  | rF+++ Str+4} (You found it on level 6 of the Dungeon)
  6563 | D:6      | Reached skill level 10 in Maces & Flails
  6671 | D:6      | Reached skill level 1 in Armour
  6671 | D:6      | Reached skill level 3 in Dodging
  6690 | D:6      | Noticed Eustachio
  6708 | D:6      | Noticed Prince Ribbit
  6989 | D:6      | Killed Prince Ribbit
  6989 | D:6      | Reached XP level 9. HP: 87/87 MP: 9/9
  7207 | D:5      | Killed Eustachio
  7224 | D:5      | Found a bloodstained altar of Trog.
  7224 | D:5      | Found a snail-covered altar of Cheibriados.
  7731 | D:7      | Noticed Pikel
  7756 | D:7      | Killed Pikel
  7756 | D:7      | Reached skill level 6 in Fighting
  7888 | D:7      | Found an ancient bone altar of Kikubaaqudgha.
  8268 | D:8      | Reached skill level 11 in Maces & Flails
  8275 | D:8      | Reached skill level 3 in Armour
  8280 | D:8      | Reached **** piety under Trog
  8409 | D:8      | Reached XP level 10. HP: 87/100 MP: 10/10
  9959 | D:10     | Entered Level 10 of the Dungeon
 10229 | D:10     | Reached ***** piety under Trog
 10235 | D:10     | Found a staircase to the Orcish Mines.
 11057 | D:10     | Reached skill level 12 in Maces & Flails
 11463 | D:10     | Reached XP level 11. HP: 113/113 MP: 11/11
 12077 | D:11     | Reached skill level 6 in Dodging
 12124 | D:11     | Noticed Urug
 12134 | D:11     | Killed Urug
 12341 | D:11     | Killed an unseen horror
 12341 | D:11     | Reached skill level 9 in Fighting
 12388 | D:11     | Noticed Psyche
 12416 | D:11     | Found a roughly hewn altar of Beogh.
 12476 | D:11     | HP: 22/115 [orc warrior/+0 war axe (3)]
 12615 | D:11     | Noticed Nergalle
 12615 | D:11     | Noticed a deep elf mage
 12628 | D:10     | Killed Nergalle
 12841 | D:11     | Killed a deep elf mage
 13164 | D:11     | Cast into level 1 of the Abyss (Psyche)
 13223 | Abyss:1  | Noticed a tentacled starspawn
 13291 | Abyss:1  | Noticed a necromancer
 13294 | Abyss:1  | Noticed a wretched star
 13303 | Abyss:1  | Found a corrupted altar of Lugonu.
 13323 | Abyss:1  | Noticed a large abomination
 13474 | Abyss:1  | Noticed a green ugly thing
 13474 | Abyss:1  | Noticed a green very ugly thing
 13475 | Abyss:1  | Noticed a green very ugly thing
 13478 | Abyss:1  | Noticed a brown very ugly thing
 13478 | Abyss:1  | Noticed a brown ugly thing
 13479 | Abyss:1  | Noticed a brown ugly thing
 13528 | Abyss:1  | Noticed a large abomination
 13568 | Abyss:1  | Killed a large abomination
 13577 | Abyss:1  | Noticed a hell hog
 13582 | Abyss:1  | HP: 20/117 [hell hog/fireball (40)]
 13586 | Abyss:1  | Killed from afar by a hell hog

Levels and vault maps discovered:
D:1:      eino_arrival_cavern_b, layout_basic, ashenzari_altar_1
D:2:      layout_loops_corners, chequers_ecumenical_altar_island,
          minmay_bisected
D:3:      layout_basic, first_ration, st_stairs_14, grunt_gozag_statues
D:4:      minmay_bubble_buster, layout_rooms, serial_shops, nicolae_shop_stone,
          portal_sewer_entry_e, minmay_misc_feat_pillars, minmay_quadrilaterals
D:5:      layout_rooms, nicolae_overflow_hidden_temple,
          minmay_temple_entry_butterflies, elyvilon_altar_1, uniq_blork_the_orc
D:6:      layout_rooms, grunt_qazlal_clouds, uniq_prince_ribbit1, uniq_eustachio
D:7:      layout_rooms, lemuel_coloured_pillars_altar, uniq_pikel
D:8:      layout_rooms, hangedman_abyss_or_decor_slice
D:9:      layout_rooms, grunt_livestock
D:10:     layout_basic, zombieorc2_lemuel
D:11:     layout_roguey, erik_lair_dragon, special_room [special_room_orc],
          grunt_dithmenos_smoke_and_mirrors, uniq_nergalle, uniq_urug,
          uniq_psyche
Abyss:1:  evilmike_abyss_exit_mutagenic

Action                   |  1- 3 |  4- 6 |  7- 9 | 10-12 || total
-------------------------+-------+-------+-------+-------++-------
Melee: Mace              |   127 |   114 |       |       ||   241
       Flail             |       |   117 |   534 |   582 ||  1233
Invok: Trog's Hand       |     1 |     5 |    10 |    20 ||    36
       Berserk           |     1 |     4 |     8 |    16 ||    29
       Brothers in Arms  |       |       |       |     3 ||     3
Evoke: Wand              |       |       |       |     7 ||     7
  Use: Scroll            |       |     4 |    11 |    12 ||    27
       Potion            |       |     2 |       |     2 ||     4
  Eat: Chunk             |     1 |    15 |    22 |    29 ||    67
       Ration            |       |       |     1 |     8 ||     9
Armor: Animal skin       |    54 |    90 |   296 |       ||   440
       Robe              |       |       |    47 |   147 ||   194
       Troll leather arm |       |       |       |   138 ||   138
Dodge: Dodged            |    90 |   182 |   403 |   323 ||   998
